 Dungeon Crawl Stone Soup version 0.31.0-32-g396128a36d (webtiles) character file.

Game seed: 4388144081929321053

5037 booth the Thaumaturge (level 10, -5/56 HPs)
             Began as a Demonspawn Hedge Wizard on Apr 15, 2024.
             Was a Believer of Hepliaklqana.
             Killed from afar by an electric eel (13 damage)
             ... with a bolt of electricity
             ... on level 9 of the Dungeon.
             The game lasted 01:05:24 (9023 turns).

booth the Thaumaturge (Demonspawn Hedge Wizard)     Turns: 9023, Time: 01:05:25

Health: -5/56      AC: 15    Str: 21    XL:     10   Next: 30%
Magic:  22/22      EV: 11    Int: 17    God:    Hepliaklqana [**....]
Gold:   284        SH:  4    Dex: 13    Spells: 5/25 levels left

rFire   + . .        m - +4 quarterstaff "Jedd" {freeze, Str+3 Stlth+}
rCold   + . .        (shield currently unavailable)
rNeg    . . .        l - +2 ring mail
rPois   +            c - +2 hat
rElec   .            s - scarf {rC+ rF+}
rCorr   .            z - +0 pair of gloves
SInv    .            t - +1 pair of boots
Will    .....        L - amulet of regeneration
Stlth   +            i - ring of poison resistance
HPRegen 1.09/turn    w - +6 ring of strength
MPRegen 0.18/turn

%: no passive effects
@: very slow
A: reduced essence, antennae 2, thin metallic scales 2, demonic guardian 2,
condensation shield
a: Renounce Religion, Recall Ancestor, Ancestor Identity


You were on level 9 of the Dungeon.
You worshipped Hepliaklqana.
Hepliaklqana was pleased with you.
You visited 2 branches of the dungeon, and saw 10 of its levels.

You collected 312 gold pieces.
You spent 28 gold pieces at shops.

Inventory:

Hand Weapons
 j - a +0 mace
 m - the +4 quarterstaff "Jedd" (weapon) {freeze, Str+3 Stlth+}
   (You took it off an orc on level 3 of the Dungeon)

   Str+3:     It affects your strength (+3).
   Stlth+:    It makes you more stealthy.
 E - the +7 quarterstaff of Exquisite Torment {heavy, rElec rF+}
   (You found it on level 8 of the Dungeon)

   rF+:       It protects you from fire.
   rElec:     It insulates you from electricity.
Missiles
 b - 7 curare-tipped darts
 k - 9 poisoned darts
 o - a throwing net
 u - 3 boomerangs (quivered)
 I - 3 javelins
Armour
 c - a +2 hat (worn)
 l - a +2 ring mail (worn)
 s - a scarf of resistance (worn)
 t - a +1 pair of boots (worn)
 z - a +0 pair of gloves (worn)
 B - +0 swamp dragon scales
Jewellery
 i - a ring of poison resistance (left hand)
 w - a +6 ring of strength (right hand)
 L - an amulet of regeneration (around neck)
Wands
 r - a wand of polymorph (7)
 A - a wand of roots (9)
 F - a wand of quicksilver (11)
 J - a wand of flame (15)
Scrolls
 a - a scroll of fog
 e - 6 scrolls of teleportation
 h - 2 scrolls of fear
 p - a scroll of enchant weapon
 x - a scroll of vulnerability
 y - a scroll of immolation
 D - a scroll of poison {unknown}
 G - 2 scrolls of revelation
 H - a scroll of summoning {unknown}
 K - a scroll of silence {unknown}
Potions
 d - 2 potions of magic
 f - a potion of invisibility
 g - 4 potions of might
 n - 3 potions of curing
 q - 2 potions of haste
 C - 2 potions of resistance {unknown}


   Skills:
 * Level 1.3 Staves
 - Level 2.1 Dodging
 - Level 2.2 Stealth
 + Level 8.4 Spellcasting
 + Level 8.4 Conjurations
 + Level 7.7 Summonings
 - Level 3.2 Translocations
 - Level 3.1 Alchemy


You had 5 spell levels left.
You knew the following spells:

 Your Spells              Type           Power      Damage    Failure   Level
a - Magic Dart            Conj           100%       1d8       1%          1
b - Blink                 Tloc           36%        N/A       7%          2
c - Call Imp              Summ           66%        N/A       1%          2
d - Searing Ray           Conj           70%        2d7       1%          2
e - Summon Ice Beast      Ice/Summ       20%        N/A       11%         3
f - Summon Hydra          Summ           16%        N/A       99%         7
g - Hailstorm             Conj/Ice       21%        3d7       9%          3

Your spell library contained the following spells:

 Spells                   Type           Power      Damage    Failure   Level
 Sting                    Conj/Alch      100%       1d9       1%          1
 Summon Small Mammal      Summ           100%       N/A       1%          1
 Apportation              Tloc           36%        N/A       4%          1
 Static Discharge         Conj/Air       42%        3-5/arc   4%          2
 Mephitic Cloud           Conj/Alch/Air  20%        N/A       11%         3
 Fulminant Prism          Conj/Alch      13%        3d9       16%         4
 Necrotise                Necr           28%        1d5       17%         1
 Slow                     Hex            28%        N/A       17%         1
 Cigotuvi's Dreadful Rot  Necr/Alch/Air  20%        N/A       17%         2
 Ensorcelled Hibernation  Hex/Ice        14%        N/A       26%         2
 Sublimation of Blood     Necr           7%         N/A       26%         2
 Flame Wave               Conj/Fire      21%        2d8       28%         4
 Summon Lightning Spire   Summ/Air       20%        N/A       34%         4
 Irradiate                Conj/Alch      13%        3d16      41%         5
 Inner Flame              Hex/Fire       7%         N/A       45%         3
 Passwall                 Erth           7%         N/A       45%         3
 Swiftness                Air            7%         N/A       45%         3
 Petrify                  Alch/Erth      12%        N/A       65%         4
 Sticky Flame             Fire/Alch      12%        2d5       65%         4
 Airstrike                Air            3%         2d(1-17)  86%         4
 Sculpt Simulacrum        Ice/Alch       6%         N/A       100%        6


Dungeon Overview and Level Annotations

Branches:
Dungeon (9/15)             Temple (1/1) D:6
   Lair: D:8-11         Orc: D:9-12

Altars:
Ashenzari
Cheibriados
Dithmenos
Fedhas
Gozag
Hepliaklqana
Kikubaaqudgha
Makhleb
Nemelex Xobeh
Okawaru
Qazlal
Ru
Sif Muna
Trog
Uskayaw
Vehumet
Wu Jian
Xom
Yredelemnul

Shops:
D:1 ?   D:8 [


Innate Abilities, Weirdness & Mutations

Your life essence is reduced to manifest your ancestor. (-10% HP)
You have a pair of antennae on your head.
You are mostly covered in thin metallic scales. (AC +3)
A demonic guardian rushes to your aid.
A meltable shield of frost defends you. (SH +4)


Message History

The bolt of electricity hits your rust devil.
Your rust devil resists.
The bolt of electricity hits the plant!
The plant begins to die.
The bolt of electricity hits the plant!
The plant begins to die.
The bolt of electricity hits you!
* * * LOW HITPOINT WARNING * * *
You feel better.
Your rust devil misses the electric eel.
The electric eel shoots out a bolt of lightning at your rust devil!
The bolt of electricity hits your rust devil.
Your rust devil resists.
Your rust devil splashes around in the water.
The electric eel shoots out a bolt of lightning at you!
The bolt of electricity misses your rust devil.
The bolt of electricity hits you!
* * * LOW HITPOINT WARNING * * *
A demonic guardian appears!
The electric eel shoots out a bolt of lightning at your rust devil!
The bolt of electricity hits your rust devil.
Your rust devil resists.
Your rust devil closely misses the electric eel.
A nearby plant withers and dies. x2
The bolt of electricity hits your rust devil.
Your rust devil resists.
A bolt of electricity appears from out of your range of vision.
The electric eel shoots out a bolt of lightning at you!
The bolt of electricity hits you.
* * * LOW HITPOINT WARNING * * *
A bolt of electricity appears from out of your range of vision.
The bolt of electricity hits your rust devil.
Your rust devil resists.
The electric eel shoots out a bolt of lightning at your rust devil!
The bolt of electricity hits your rust devil.
Your rust devil resists.
You hear the steady creaking of a very distant portcullis.
Your rust devil completely misses the electric eel.
Your rust devil misses the electric eel.
The electric eel shoots out a bolt of lightning at you!
The bolt of electricity hits you!
You die...

.~#.##.~~~≈~≈≈≈≈≈~♣♣♣.#
.......♣♣~~P≈≈S≈~~~♣..#
....##.♣♣P~)≈4≈~~~♣..#
....##.♣P~P~~~~~♣~~♣
#..###..~♣~~~~~~P~~♣
#..# ###♣♣~♣~~4S~~♣
...### ♣~~~~~~~♣#
.....#####~~~~~~♣♣###
#..#.#....~~~~~♣@...#
#..#.#.....♣♣~♣♣###.#
#......<...#♣♣♣ #.#
...........# ###.#
##.#.###...# #...#
#.#.# #.#.# #.###
#.#.###...# #.## .
#.....# #..# # #####.#
#..#


You could see 2 electric eels, a friendly ice devil (summoned) and a friendly
rust devil (summoned).

Vanquished Creatures
  4 yaks (D:8)
  A wraith (D:8)
  A steam dragon (D:9)
  Menkaure (D:7)
  An acid dragon (D:8)
  A water moccasin (D:7)
  2 ice beasts
  A sky beast (D:7)
  A wolf (D:8)
  An ogre (D:5)
  A kobold brigand (D:8)
  3 bullfrogs
  A scorpion (D:4)
  8 wights
  4 killer bees (D:7)
  A howler monkey (D:9)
  An electric eel (D:9)
  A bombardier beetle (D:4)
  2 hounds (D:6)
  2 jellies
  2 orc priests (D:8)
  2 iguanas
  5 orc wizards
  7 adders
  A shadow imp (D:6)
  2 white imps
  A dart slug (D:1)
  4 ribbon worms
  21 orcs
  7 bats
  7 endoplasms
  5 giant cockroaches
  8 hobgoblins
  2 jackals (D:1)
  2 kobolds
  4 quokkas
  7 ball pythons
  2 frilled lizards (D:2)
  7 goblins
  9 rats
143 creatures vanquished.

Vanquished Creatures (collateral kills)
  An ugly thing (D:7)
  Maggie (D:7)
  A slime creature (D:8)
  Grum (D:8)
  An acid dragon (D:8)
  An orc warrior (D:6)
  3 wolves (D:8)
  5 wights
  A killer bee (D:7)
  An electric eel (D:9)
  An iguana (D:7)
  A sleepcap (D:5)
  A white imp (D:8)
  3 ribbon worms (D:2)
  2 orcs
  An endoplasm (D:2)
  4 kobolds
  A bat (D:2)
30 creatures vanquished.

Vanquished Creatures (others)
  A battlemage (D:9)
  7 ancestors
  An orc (D:9)
9 creatures vanquished.

Grand Total: 182 creatures vanquished

Notes
Turn   | Place    | Note
-------+----------+-------------------------------------------
     0 | D:1      | booth the Demonspawn Hedge Wizard began the quest for the
                  | Orb.
     0 | D:1      | Reached XP level 1. HP: 13/13 MP: 4/4
    88 | D:1      | Reached skill level 1 in Translocations
   139 | D:1      | Found Foken's Magic Scroll Shop.
   170 | D:1      | Found a faded altar of an unknown god.
   322 | D:1      | Gained mutation: A weak demonic guardian rushes to your
                  | aid. [demonic ancestry]
   322 | D:1      | Reached XP level 2. HP: 19/19 MP: 3/6
   455 | D:1      | Learned a level 2 spell: Blink
   458 | D:1      | Learned a level 2 spell: Call Imp
  1273 | D:1      | Bought a scroll of identify for 28 gold pieces
  1411 | D:2      | Reached XP level 3. HP: 24/24 MP: 3/7
  2343 | D:3      | Identified the +0 leather armour "Balaseis" {^Drain Int+7
                  | Dex+4}
  2365 | D:3      | Reached XP level 4. HP: 30/30 MP: 9/9
  2479 | D:3      | You fall into a shaft and drop 2 floors!
  2479 | D:5      | Entered Level 5 of the Dungeon
  2660 | D:5      | Noticed an ogre
  2683 | D:5      | Killed an ogre
  2684 | D:5      | Gained mutation: You have a pair of small antennae on your
                  | head. [demonic ancestry]
  2684 | D:5      | Reached XP level 5. HP: 35/35 MP: 3/10
  3296 | D:3      | Gained mutation: A meltable shield of frost defends you.
                  | (SH +4) [demonic ancestry]
  3296 | D:3      | Reached XP level 6. HP: 36/41 MP: 10/12
  3332 | D:3      | Learned a level 2 spell: Searing Ray
  3351 | D:3      | Identified the +4 quarterstaff "Jedd" {freeze, Str+3
                  | Stlth+}
  5179 | D:6      | Gained mutation: A demonic guardian rushes to your aid.
                  | [demonic ancestry]
  5179 | D:6      | Reached XP level 7. HP: 46/46 MP: 13/13
  5305 | D:6      | Reached skill level 1 in Alchemy
  5480 | D:6      | Reached skill level 5 in Spellcasting
  5762 | D:6      | Found a staircase to the Ecumenical Temple.
  5772 | Temple   | Entered the Ecumenical Temple
  5782 | Temple   | Became a worshipper of Hepliaklqana the Forgotten
  5832 | D:6      | Gained mutation: You are partially covered in thin metallic
                  | scales. (AC +2) [demonic ancestry]
  5832 | D:6      | Reached XP level 8. HP: 41/52 MP: 11/16
  6248 | D:6      | Learned a level 3 spell: Summon Ice Beast
  6256 | D:6      | Learned a level 7 spell: Summon Hydra
  6262 | D:7      | Reached skill level 5 in Conjurations
  6384 | D:7      | Found a broken altar of Ashenzari.
  6386 | D:7      | Found a hide-covered altar of Uskayaw.
  6492 | D:7      | Noticed Maggie
  6499 | D:7      | Noticed Menkaure
  6504 | D:7      | Killed Maggie
  6520 | D:7      | Killed Menkaure
  6521 | D:7      | Reached skill level 5 in Summonings
  6786 | D:7      | Noticed a brown ugly thing
  6938 | D:7      | Reached * piety under Hepliaklqana
  7074 | D:7      | Gained mutation: You have a pair of antennae on your head.
                  | [demonic ancestry]
  7074 | D:7      | Reached XP level 9. HP: 14/51 MP: 12/19
  7256 | D:7      | Killed a brown ugly thing
  7359 | D:7      | Learned a level 3 spell: Hailstorm
  7387 | D:8      | Identified the +7 quarterstaff of Exquisite Torment {heavy,
                  | rElec rF+}
  7402 | D:8      | Found Rapnou's Armour Shoppe.
  7767 | D:8      | Found a stormy altar of Qazlal.
  8070 | D:8      | Gained mutation: You are mostly covered in thin metallic
                  | scales. (AC +3) [demonic ancestry]
  8070 | D:8      | Reached XP level 10. HP: 50/56 MP: 22/22
  8301 | D:8      | Noticed Grum
  8320 | D:8      | Killed Grum
  8807 | D:9      | Reached skill level 1 in Staves
  8977 | D:9      | Reached ** piety under Hepliaklqana
  8985 | D:9      | Remembered your ancestor Ntomba as a battlemage
  9019 | D:9      | HP: 2/56 [electric eel/bolt of electricity (11)]
  9023 | D:9      | Killed from afar by an electric eel

Illustrated notes

Levels and vault maps discovered:
D:1:      minmay_arrival_shoal_huts, layout_basic, serial_shops,
          nicolae_shop_crystal, basic_ecumenical_altar
D:2:      layout_loops_ring
D:3:      layout_rooms, portal_sewer_entry_b
D:4:      layout_loops_cross, nicolae_zen_rock_garden, kennysheep_nondescript
D:5:      layout_loops_corners
D:6:      layout_loops_cross, minmay_temple_entry_arrows
D:7:      layout_loops_ring, amethyst_overflow_temple_binary, uniq_maggie,
          uniq_menkaure
D:8:      layout_rooms, mainiacjoe_overflow_alcove_2, serial_shops, shop,
          wad_mini_maze, uniq_grum
D:9:      layout_loops_cross, enter_bailey_3, serial_rivers,
          chequers_serial_rivers_small_b, chequers_serial_rivers_small_b,
          chequers_serial_rivers_marsh, chequers_serial_rivers_marsh,
          chequers_serial_rivers_large_b, chequers_serial_rivers_micro_b,
          kennysheep_diamond, minmay_misc_feat_cross, serial_bayou_lake_a,
          uniq_pikel
Temple:   compressed_dpeg_triangle_lava_temple

Skill      XL: |  1  2  3  4  5  6  7  8  9 10 |
---------------+-------------------------------+-----
Translocations | 1 2 3 |  3.2
Stealth        | 2 |  2.2
Dodging        | 2 |  2.1
Conjurations   | 2 3 4 6 8 |  8.4
Summonings     | 2 3 5 7 |  7.7
Spellcasting   | 4 5 6 8 |  8.4
Alchemy        | 3 |  3.1
Staves         | 1 |  1.3

Action                     |  1- 3 |  4- 6 |  7- 9 | 10-12 || total
---------------------------+-------+-------+-------+-------++-------
  Melee: Dagger            |    98 |       |       |       ||    98
         Punch             |     1 |       |       |       ||     1
         Quarterstaff      |    59 |   130 |   116 |    36 ||   341
  Throw: Boomerang         |       |    22 |       |       ||    22
         Dart              |       |     1 |       |       ||     1
   Cast: Magic Dart        |    40 |    44 |    28 |     1 ||   113
         Call Imp          |       |     3 |     3 |     1 ||     7
         Searing Ray       |       |     1 |    13 |     1 ||    15
         Blink             |       |       |     1 |       ||     1
         Hailstorm         |       |       |     1 |       ||     1
         Summon Ice Beast  |       |       |       |     2 ||     2
 Invoke: Ancestor Life: Ba |       |       |       |     1 ||     1
         Ancestor Identity |       |       |       |     1 ||     1
    Use: Scroll            |     9 |     4 |     3 |     3 ||    19
         Potion            |     1 |       |     2 |     2 ||     5
   Stab: Sleeping          |       |     4 |       |       ||     4
         Distracted        |       |       |     1 |       ||     1
 Armour: Robe              |    22 |       |       |       ||    22
         Ring mail         |    82 |    90 |   122 |    62 ||   356
  Dodge: Dodged            |    97 |    84 |    53 |    35 ||   269
  Block: Other             |       |    10 |    23 |    13 ||    46
